 Dungeon Crawl Stone Soup version 0.31-a0-1204-ge2c1a860ed (webtiles) character file.

Game seed: 9646830065268723342

457 avis the Fighter (level 7, -2/69 HPs)
             Began as a Hill Orc Monk on Dec 13, 2023.
             Slain by Edmund
             ... wielding a +2 heavy flail
              (21 damage)
             ... on level 4 of the Dungeon.
             The game lasted 00:19:01 (3943 turns).

avis the Fighter (Hill Orc Monk)                    Turns: 3943, Time: 00:19:01

Health: -2/69      AC:  7    Str: 16    XL:     7   Next: 6%
Magic:  8/8        EV: 11    Int: 10    God:
Gold:   121        SH:  4    Dex: 13    Spells: 3/8 levels left

rFire   . . .        a - +0 hand axe
rCold   . . .        l - +0 buckler
rNeg    . . .        w - +0 leather armour
rPois   +            (no helmet)
rElec   .            (no cloak)
rCorr   .            (no gloves)
SInv    .            p - +0 pair of boots
Will    .....        (no amulet)
Stlth   +            k - ring of poison resistance
HPRegen 0.31/turn    (no ring)
MPRegen 0.11/turn

%: no passive effects
@: ice-armoured, hasted, very quick
A: no striking features
a: no special abilities


You were on level 4 of the Dungeon.
You visited 1 branch of the dungeon, and saw 4 of its levels.

You collected 121 gold pieces.

Inventory:

Hand Weapons
 a - a +0 hand axe (weapon)
 b - a +0 sling
 i - a +3 short sword
Missiles
 n - 8 javelins (quivered)
Armour
 d - an orb of light
 f - a +0 ring mail
 j - a +0 tower shield
 l - a +0 buckler (worn)
 p - a +0 pair of boots (worn)
 t - a +0 robe
 w - a +0 leather armour (worn)
Magical Staves
 A - a staff of earth
Jewellery
 k - a ring of poison resistance (left hand)
 s - a ring of protection from cold
Wands
 u - a wand of iceblast (7)
 y - a wand of polymorph (11)
Scrolls
 e - a scroll of teleportation {unknown}
 g - a scroll of vulnerability {unknown}
 m - a scroll of poison {unknown}
 r - 2 scrolls of blinking {unknown}
 v - 2 scrolls of brand weapon {unknown}
 z - a scroll of fog {unknown}
Potions
 c - a potion of ambrosia
 o - a potion of mutation
 q - a potion of berserk rage {unknown}


   Skills:
 * Level 8.3 Fighting
 - Level 4.0 Axes
 - Level 2.4 Dodging
 - Level 1.0 Spellcasting
 + Level 2.3 Ice Magic


You had 3 spell levels left.
You knew the following spells:

 Your Spells              Type           Power      Damage    Failure   Level
e - Wereblood             Tmut           0%         N/A       65%         2
o - Ozocubu's Armour      Ice            5%         N/A       54%         3

Your spell library contained the following spells:

 Spells                   Type           Power      Damage    Failure   Level
 Magic Dart               Conj           0%         1d3       50%         1
 Call Imp                 Summ           0%         N/A       65%         2
 Sublimation of Blood     Necr           0%         N/A       65%         2
 Mephitic Cloud           Conj/Pois/Air  0%         N/A       86%         3
 Ozocubu's Refrigeration  Ice            2%         4d8       100%        7
 Summon Hydra             Summ           0%         N/A       100%        7


Dungeon Overview and Level Annotations

Branches:
Dungeon (4/15)
 Temple: D:4-7

Altars:
Cheibriados
Dithmenos
Kikubaaqudgha
Yredelemnul

Shops:
D:3 (   D:4 [

Annotations:
D:4 Edmund


Message History

Edmund is heavily wounded.
You barely miss Edmund.
Edmund is heavily wounded.
Edmund hits you with a +2 heavy flail.
* * * LOW HITPOINT WARNING * * *
You hit Edmund but do no damage.
Edmund is heavily wounded.
You slash Edmund!
Edmund is severely wounded.
Edmund hits you with a +2 heavy flail!
* * * LOW HITPOINT WARNING * * *
You feel much better. Edmund hits you with a +2 heavy flail.
You hit Edmund but do no damage.
Edmund is severely wounded.
You hit Edmund.
Edmund is severely wounded.
You block Edmund's attack.
You hit Edmund.
Edmund is almost dead.
You hit Edmund but do no damage.
Edmund is almost dead.
You barely miss Edmund.
Edmund is almost dead.
Edmund hits you with a +2 heavy flail.
You hit Edmund but do no damage.
Edmund is almost dead.
You hit Edmund but do no damage.
Edmund is almost dead.
Edmund hits you with a +2 heavy flail.
* * * LOW HITPOINT WARNING * * *
You hit Edmund but do no damage.
Edmund is almost dead.
You block Edmund's attack.
You hit Edmund but do no damage.
Edmund is almost dead.
You hit Edmund but do no damage.
Edmund is almost dead.
Edmund hits you with a +2 heavy flail!!
You die...
Edmund says, "I'd like to see a scythe do that!"

.# ....### .#
...... ......§ ..
. ....# ._...§§ .#
#. #...# ....§.§
#.##.#.## ..§§§§
#.......# §..§.#
#..K).# §.§§#
#....#####...####
#....#(.@@.......
##.....###########
#.........#
#...##...##.#
#.####.#.##.#
#..#....#..#.# ..
#.##......##
######.#####....##
##......# ##....#
#


You could see Edmund.

Vanquished Creatures
  Grinder (D:3)
  A scorpion (D:4)
  A hound (D:2)
  Jessica (D:2)
  Ijyb (D:3)
  An iguana (D:3)
  3 adders
  3 dart slugs
  8 orcs
  7 bats
  3 endoplasms
  3 giant cockroaches
  9 goblins
  3 hobgoblins
  3 quokkas
  A ball python (D:1)
  3 frilled lizards
  9 kobolds
  10 rats
71 creatures vanquished.

Vanquished Creatures (others)
  A hobgoblin (D:3)
1 creature vanquished.

Grand Total: 72 creatures vanquished

Notes
Turn   | Place    | Note
-------+----------+-------------------------------------------
     0 | D:1      | avis the Hill Orc Monk began the quest for the Orb.
     0 | D:1      | Reached XP level 1. HP: 19/19 MP: 1/1
    94 | D:1      | Reached skill level 4 in Fighting
   106 | D:1      | Reached XP level 2. HP: 26/27 MP: 2/2
   362 | D:1      | Reached skill level 5 in Fighting
   362 | D:1      | Reached XP level 3. HP: 33/36 MP: 3/3
   498 | D:2      | Noticed Jessica
   502 | D:2      | Killed Jessica
   597 | D:2      | Reached XP level 4. HP: 38/44 MP: 4/4
  1077 | D:2      | Reached skill level 6 in Fighting
  1457 | D:2      | Learned a level 3 spell: Ozocubu's Armour
  1803 | D:2      | Reached XP level 5. HP: 41/51 MP: 5/5
  2185 | D:3      | Noticed Ijyb
  2205 | D:3      | Killed Ijyb
  2553 | D:3      | Learned a level 2 spell: Wereblood
  2651 | D:3      | Found Hucasukk's Weapon Shoppe.
  2652 | D:3      | Noticed Grinder
  2869 | D:3      | Killed Grinder
  2870 | D:3      | Reached skill level 7 in Fighting
  2870 | D:3      | Reached skill level 1 in Spellcasting
  2870 | D:3      | Reached XP level 6. HP: 20/61 MP: 5/7
  3196 | D:3      | Found a snail-covered altar of Cheibriados.
  3196 | D:3      | Found a basalt altar of Yredelemnul.
  3357 | D:3      | Reached skill level 8 in Fighting
  3582 | D:4      | Found Wiusu's Antique Armour Shoppe.
  3697 | D:4      | Reached XP level 7. HP: 60/69 MP: 8/8
  3700 | D:4      | Found an ancient bone altar of Kikubaaqudgha.
  3900 | D:4      | Noticed Edmund
  3909 | D:4      | Found a shadowy altar of Dithmenos.
  3922 | D:4      | HP: 2/69 [Edmund/+2 heavy flail (8)]
  3932 | D:4      | HP: 1/69 [Edmund/+2 heavy flail (15)]
  3943 | D:4      | Slain by Edmund

Illustrated notes

Levels and vault maps discovered:
D:1:      dpeg_arrival_prison, layout_rooms, corexii_hall_statues_s
D:2:      layout_basic, minivault_14, uniq_jessica
D:3:      layout_basic, gammafunk_temple_overflow_wave, serial_shops,
          nicolae_shop_hallway_plus, uniq_grinder, uniq_ijyb
D:4:      cheibrodos_greedy_goblins, layout_basic,
          nicolae_dithmenos_the_darkroom, mainiacjoe_overflow_catch_the_wave,
          mainiacjoe_overflow_alcove_4, marbit_many_paths, serial_shops,
          nicolae_square_shop, serial_library_hellmonk_secret_room, uniq_edmund

Skill      XL: |  1  2  3  4  5  6 |
---------------+-------------------+-----
Fighting       | 4 5 6 7 8 |  8.3
Spellcasting   | 1 |  1.0
Ice Magic      | 2 |  2.3
Axes           | |  4.0
Dodging        | |  2.4

Action                     |  1- 3 |  4- 6 |  7- 9 || total
---------------------------+-------+-------+-------++-------
  Melee: Hand axe          |    63 |   180 |    35 ||   278
   Fire: Sling             |       |    16 |       ||    16
  Throw: Javelin           |       |     9 |     2 ||    11
   Cast: Ozocubu's Armour  |       |     2 |     1 ||     3
  Evoke: Wand              |       |     3 |       ||     3
    Use: Scroll            |       |     4 |       ||     4
         Potion            |       |     1 |     3 ||     4
 Armour: Robe              |     4 |    31 |       ||    35
         Ring mail         |    23 |    34 |       ||    57
         Leather armour    |       |    50 |    16 ||    66
         Skin              |       |    13 |       ||    13
  Dodge: Dodged            |    25 |    89 |     4 ||   118
  Block: Buckler           |       |    39 |     3 ||    42

Table legend: (Time is in decaauts)
 A = Elapsed time spent in this place.
 B = Non-inter-level travel time spent in this place.
 C = Inter-level travel time spent in this place.
 D = Time resting spent in this place.
 E = Time spent auto-exploring this place.
 F = Levels seen in this place.
 G = Mean time per level.
                   A        B        C        D        E       F      G
               +--------+--------+--------+--------+--------+-----+--------+
         Total |   3988 |   3612 |    376 |    888 |   1581 |   4 |  997.0 |
       Dungeon |   3988 |   3612 |    376 |    888 |   1581 |   4 |  997.0 |
               +--------+--------+--------+--------+--------+-----+--------+

Top non-repeatable levels by time:
     D:2: 1701 daAuts
     D:3: 1444 daAuts
     D:1: 560 daAuts
     D:4: 281 daAuts
